 Dungeon Crawl Stone Soup version 0.27.1-34-g3ba077fa99 (webtiles) character file.

Game seed: 9720929628530963348

7 cbfl8 the Sneak (level 1, 0/20 HPs)
             Began as a Minotaur Delver on Jan 24, 2022.
             Was an Initiate of Yredelemnul.
             Slain by a gnoll sergeant (9 damage)
             ... on level 5 of the Dungeon.
             The game lasted 00:01:22 (461 turns).

cbfl8 the Sneak (Minotaur Delver)                    Turns: 461, Time: 00:01:24

Health: 0/20       AC:  8    Str: 16    XL:     1   Next: 83%
Magic:  0/0        EV:  7    Int:  7    God:    Yredelemnul [......]
Gold:   0          SH:  0    Dex: 11    Spells: 0/0 levels left

rFire    . . .     SeeInvis .   a - +0 hand axe
rCold    . . .     Faith    .   (no shield)
rNeg     . . .     Spirit   .   i - +0 chain mail
rPois    .         Reflect  .   (helmet restricted)
rElec    .         Harm     .   (no cloak)
rCorr    .         Rampage  .   (no gloves)
Will     .....                  (no boots)
Stlth    ..........             (no amulet)
HPRegen  0.06/turn              (no ring)
MPRegen  0.07/turn              (no ring)

@: lethally poisoned (0 -> -7)
A: horns 2, retaliatory headbutt
a: Renounce Religion


You were on level 5 of the Dungeon.
You worshipped Yredelemnul.
Yredelemnul was noncommittal.
You visited 2 branches of the dungeon, and saw 3 of its levels.

Inventory:

Hand Weapons
 a - a +0 hand axe (weapon)
Armour
 b - a +0 leather armour
 i - a +0 chain mail (worn)
Wands
 g - a wand of digging (3)
Scrolls
 c - a scroll of fog
 e - a scroll of fear
 h - a scroll of amnesia {unknown}


   Skills:
 + Level 3.7 Fighting
 + Level 2.4 Axes
 + Level 2.2 Dodging
 + Level 4.3 Stealth


You couldn't memorise any spells.
You didn't know any spells.
Your spell library was empty.

Dungeon Overview and Level Annotations

Branches:
Dungeon (6/15)             Temple (1/1) D:6

Altars:
Ashenzari
Cheibriados
Elyvilon
Fedhas
Gozag
Hepliaklqana
Kikubaaqudgha
Makhleb
Nemelex Xobeh
Okawaru
Qazlal
Ru
Sif Muna
Trog
Vehumet
Wu Jian
Xom
Yredelemnul
Zin
The Shining One


Innate Abilities, Weirdness & Mutations

You have a pair of horns on your head.
You reflexively headbutt those who attack you in melee.


Message History

You climb upwards.
There is a stone staircase leading down here.
You start resting.
Your extra speed is starting to run out.
You start resting.
You feel yourself slow down.
You start resting.
HP restored.
You open the door. You open the door.
Found 11 gold pieces and a glowing bone ring.
You open the door.
A gnoll comes into view. It is wielding a +0 flail.
The gnoll shouts!
A gnoll sergeant comes into view. It is wielding a +3 spear of venom.
The gnoll sergeant shouts!
You hear a shout!
You closely miss the gnoll.
A gnoll comes into view. It is wielding a +0 club.
The gnoll barely misses you.
You hit the gnoll but do no damage. The gnoll barely misses you.
A gnoll comes into view. It is wielding a +0 antimagic flail.
You hit the gnoll.
The gnoll is moderately wounded.
The gnoll hits you but does no damage.
A gnoll comes into view. It is wielding a +0 club.
You closely miss the gnoll.
The gnoll shouts!
You headbutt the gnoll.
The gnoll is heavily wounded.
The gnoll sergeant hits you but does no damage.
The gnoll hits you but does no damage.
The gnoll sergeant hits you from afar with a +3 spear of venom.
You are poisoned.
You barely miss the gnoll. Your headbutt misses the gnoll.
The gnoll is heavily wounded.
You feel very sick. The gnoll hits you with a +0 flail.
The gnoll sergeant hits you from afar with a +3 spear of venom!
You die...
Your body rises from the dead as a mindless zombie.

#......+
......# .....#
.... ...# ....
####'#### ..=..
#.......# .....
#..>....#
......#.......#
#.....#@......#
#.....'g......#
#$..gg#.......#
#.....#.......#
#...g #'#######
....g ... ....
.....
...........
.g.......


You could see a gnoll sergeant and 4 gnolls.

Vanquished Creatures
  A white imp (D:6)
1 creature vanquished.

Notes
Turn   | Place    | Note
-------+----------+-------------------------------------------
     0 | D:5      | cbfl8 the Minotaur Delver began the quest for the Orb.
     0 | D:5      | Reached XP level 1. HP: 19/19 MP: 0/0
   106 | D:6      | Found a staircase to the Ecumenical Temple.
   124 | Temple   | Entered the Ecumenical Temple
   132 | Temple   | Became a worshipper of Yredelemnul the Dark
   328 | D:6      | Noticed a phantom
   456 | D:5      | Noticed a gnoll sergeant
   461 | D:5      | Slain by a gnoll sergeant

Illustrated notes

Levels and vault maps discovered:
D:5:      layout_gridville
D:6:      layout_basic, minmay_temple_entry_large_hall, uniq_grinder,
          uniq_duvessa
Temple:   regret_index_temple_chain_breaker

Action                   || total
-------------------------++-------
Melee: Hand axe          ||     9
       Headbutt          ||     1
  Use: Scroll            ||     1
       Potion            ||     1
Armor: Chain mail        ||     4
Dodge: Dodged            ||     4
